 Dungeon Crawl Stone Soup version 0.27.1 (webtiles) character file.

Game seed: 3464718166999746497

375238 Gwenloh the Cryomancer (level 22, -7/171 HPs)
             Began as a Barachi Ice Elementalist on Aug 29, 2021.
             Was the Champion of Vehumet.
             Mangled by Mennas (14 damage)
             ... on level 3 of the Vaults on Aug 30, 2021.
             The game lasted 06:02:53 (57419 turns).

Gwenloh the Cryomancer (Barachi Ice Elementalist)  Turns: 57419, Time: 06:02:55

Health: -7/171     AC: 19    Str: 17    XL:     22   Next: 38%
Magic:  53/53      EV: 12    Int: 26    God:    Vehumet [******]
Gold:   7109       SH:  0    Dex: 19    Spells: 8/57 levels left

rFire    + . .     SeeInvis +   V - +8 trident of the Purse {vorpal, rF- rN++ rCorr Dex+4}
rCold    + + +     Faith    .   u - +3 buckler
rNeg     + + .     Spirit   .   S - +4 troll leather armour
rPois    +         Reflect  +   Q - +2 helmet {Int+3}
rElec    +         Harm     .   U - scarf {rC+ rF+}
rCorr    +         Rampage  .   v - +2 pair of gloves "Uplyroecs" {rElec rC++ Str+3 SInv}
Will     +....                  t - +2 pair of boots
Stlth    +.........             J - amulet of reflection
HPRegen  1.38/turn              c - ring of magical power
MPRegen  0.33/turn              D - ring of Devotion {rPois rF+ Str+4}

@: confused, unable to read, glowing, slow
A: amphibious, slowness 1, strong legs 2, +LOS, frail 1, inability to read while
threatened
}: 3/15 runes: decaying, serpentine, slimy
a: Hop, Renounce Religion


You were on level 3 of the Vaults.
You worshipped Vehumet.
Vehumet was exalted by your worship.
You visited 8 branches of the dungeon, and saw 40 of its levels.
You visited 1 bazaar.
You also visited: Ossuary.

You collected 8847 gold pieces.
You spent 1738 gold pieces at shops.

Inventory:

Hand Weapons
 a - a +4 long sword of holy wrath
 V - the +8 trident of the Purse (weapon) {vorpal, rF- rN++ rCorr Dex+4}
   (You found it on level 1 of the Lair of Beasts)

   It inflicts extra damage upon your enemies.
   Dex:       It affects your dexterity (+4).
   rF:        It makes you vulnerable to fire.
   rN:        It greatly protects you from negative energy.
   rCorr:     It protects you from acid and corrosion.
Missiles
 n - a throwing net
Armour
 t - a +2 pair of boots (worn)
 u - a +3 buckler (worn)
 v - the +2 pair of gloves "Uplyroecs" (worn) {rElec rC++ Str+3 SInv}
   (You found it on level 2 of the Snake Pit)

   Str:       It affects your strength (+3).
   rC:        It greatly protects you from cold.
   rElec:     It insulates you from electricity.
   SInv:      It lets you see invisible.
 Q - a +2 helmet of intelligence (worn)
 S - a +4 troll leather armour (worn)
 U - a scarf of resistance (worn)
 X - the +0 pair of gloves of Mull {Drain Str+4 Int+5 Slay+2}
   (You acquired it on level 9 of the Dungeon)

   Str:       It affects your strength (+4).
   Int:       It affects your intelligence (+5).
   Slay:      It affects your accuracy & damage with ranged weapons and melee
   (+2).
   Drain:     It drains your maximum health when unequipped.
Jewellery
 c - a ring of magical power (left hand)
 d - a ring of flight
 k - a ring of resist corrosion
 y - a +4 ring of evasion
 C - an amulet of magic regeneration
 D - the ring of Devotion (right hand) {rPois rF+ Str+4}
   (You acquired it on level 9 of the Dungeon)

   [ring of protection from fire]

   Str:       It affects your strength (+4).
   rF:        It protects you from fire.
   rPois:     It protects you from poison.
 E - a ring of ice
 J - an amulet of reflection (around neck)
 W - an amulet of regeneration
Wands
 p - a wand of mindburst (46)
 G - a wand of charming (24) (quivered)
 H - a wand of polymorph (12)
 I - a wand of iceblast (17)
 L - a wand of acid (20)
 N - a wand of digging (11)
 T - a wand of paralysis (40)
 Z - a wand of flame (14)
Scrolls
 b - 4 scrolls of blinking
 f - 4 scrolls of amnesia
 g - a scroll of enchant armour
 h - 4 scrolls of summoning
 j - 2 scrolls of magic mapping
 o - 8 scrolls of enchant weapon
 q - a scroll of brand weapon
 r - 4 scrolls of holy word
 x - 21 scrolls of teleportation
 F - 5 scrolls of fear
 K - 12 scrolls of identify
 R - 6 scrolls of fog
 Y - 2 scrolls of silence
Potions
 e - 9 potions of brilliance
 i - 7 potions of mutation
 l - 6 potions of magic
 m - 7 potions of lignification
 s - 13 potions of curing
 w - 12 potions of might
 z - 3 potions of cancellation
 A - 4 potions of heal wounds
 B - 6 potions of haste
 M - a potion of invisibility
 O - a potion of experience
 P - 2 potions of resistance


   Skills:
 + Level 19.9 Fighting
 - Level 6.7 Armour
 - Level 2.1 Dodging
 - Level 1.7 Stealth
 - Level 4.0 Shields
 + Level 18.0 Spellcasting
 - Level 7.6 Conjurations
 + Level 25.8 Ice Magic
 * Level 16.8 Air Magic


You had 8 spell levels left.
You knew the following spells:

 Your Spells              Type           Power      Damage    Failure   Level
a - Airstrike             Air            42%        N/A       1%          4
b - Lightning Bolt        Conj/Air       36%        1d54      1%          5
c - Ozocubu's Armour      Ice            100%       N/A       0%          3
d - Frozen Ramparts       Ice            100%       1d12      0%          3
e - Freezing Cloud        Conj/Ice/Air   42%        6-21      1%          5
f - Polar Vortex          Ice            51%        N/A       1%          9
g - Irradiate             Conj/Tmut      21%        3d20      4%          5
h - Ozocubu's Refrigerat  Ice            51%        4d15      1%          7
i - Maxwell's Capacitive  Air            42%        ∞         4%          8

Your spell library contained the following spells:

 Spells                   Type           Power      Damage    Failure   Level
 Ignition                 Fire           11%        3d5       100%        8
 Chain Lightning          Conj/Air       36%        3d48      97%         9
 Shatter                  Erth           11%        3d12*     100%        9
 Freeze                   Ice            100%       1d11      0%          1
 Foxfire                  Conj/Fire      100%       2x1d9     1%          1
 Magic Dart               Conj           100%       1d8       1%          1
 Sandblast                Erth           46%        2d11      1%          1
 Corpse Rot               Necr/Air       N/A        N/A       1%          2
 Poisonous Vapours        Pois/Air       100%       N/A       1%          2
 Searing Ray              Conj           100%       3d7       1%          2
 Static Discharge         Conj/Air       72%        N/A       1%          2
 Conjure Flame            Conj/Fire      43%        6-21      1%          3
 Dazzling Flash           Conj/Hex       86%        N/A       1%          3
 Ignite Poison            Fire/Tmut/Pois 23%        N/A       1%          3
 Inner Flame              Hex/Fire       23%        N/A       1%          3
 Mephitic Cloud           Conj/Pois/Air  60%        N/A       1%          3
 Stone Arrow              Conj/Erth      86%        3d12      1%          3
 Fulminant Prism          Conj/Hex       21%        3d13      1%          4
 Hailstorm                Conj/Ice       84%        3d17      1%          4
 Iskenderun's Mystic Bla  Conj/Tloc      43%        2d10      1%          4
 Sticky Flame             Conj/Fire      43%        2d6       1%          4
 Summon Lightning Spire   Summ/Air       61%        N/A       1%          4
 Apportation              Tloc           46%        N/A       2%          1
 Sting                    Tmut/Pois      92%        1d7       2%          1
 Silence                  Hex/Air        30%        N/A       2%          5
 Blink                    Tloc           N/A        N/A       3%          2
 Call Imp                 Summ           23%        N/A       3%          2
 Passwall                 Tmut/Erth      19%        N/A       3%          2
 Slow                     Hex            23%        N/A       3%          2
 Call Canine Familiar     Summ           23%        N/A       7%          3
 Confusing Touch          Hex            23%        N/A       7%          3
 Gell's Gravitas          Tloc           11%        N/A       7%          3
 Portal Projectile        Hex/Tloc       46%        N/A       7%          3
 Spider Form              Tmut/Pois      11%        N/A       7%          3
 Teleport Other           Tloc           23%        N/A       7%          3
 Bolt of Magma            Conj/Fire/Erth 18%        4d10      7%          5
 Lee's Rapid Deconstruct  Erth           11%        3d9*      17%         5
 Yara's Violent Unravell  Hex/Tmut       11%        3d6       17%         5
 Dispel Undead            Necr           23%        3d12      24%         4
 Leda's Liquefaction      Hex/Erth       11%        N/A       24%         4
 Agony                    Necr           23%        N/A       54%         5
 Alistair's Intoxication  Tmut/Pois      15%        N/A       54%         5
 Manifold Assault         Tloc           23%        N/A       54%         5
 Dispersal                Tloc           11%        N/A       98%         6
 Invisibility             Hex            11%        N/A       98%         6


Dungeon Overview and Level Annotations

Branches:
Dungeon (15/15)            Temple (1/1) D:5            Lair (6/6) D:9
  Swamp (4/4) Lair:4        Snake (4/4) Lair:4        Slime (5/5) Lair:5
    Orc (2/2) D:12            Elf (0/3) Orc:2        Vaults (3/5) D:13
  Crypt (0/3) Vaults:2     Depths (0/5) D:15        Ossuary (visited)

Altars:
Ashenzari
Cheibriados
Dithmenos
Elyvilon
Fedhas
Gozag
Hepliaklqana
Kikubaaqudgha
Makhleb
Nemelex Xobeh
Okawaru
Qazlal
Ru
Sif Muna
Trog
Uskayaw
Vehumet
Wu Jian
Xom
Yredelemnul
Zin
The Shining One
Beogh

Shops:
Orc:2 ([*:   Snake:2 [![(   Snake:3 (   Snake:4 *   Vaults:1 !   Vaults:2 *

Portals:
Trove: Vaults:1 (give +2 gold dragon scales)

Annotations:
D:9 7 runed translucent doors, MajorAdolf's ghost, novice NaWn
D:10 exclusion: orange crystal statue
D:11 1 runed translucent door, Vugaxizu's ghost, journeyman GnAM
D:13 8 runed translucent doors
Snake:2 Roxanne
Orc:1 2 transporters
Vaults:3 Mennas


Innate Abilities, Weirdness & Mutations

You are amphibious.
You cover ground slowly.
You can hop long distances.
You have an extended range of vision and can be seen from far away.
You are frail. (-10% HP)
You sometimes lose the ability to read scrolls when taking damage.


Message History

There is an open door here.
Mennas gestures frantically.
You are confused.
There is a stone staircase leading down here.
You're too confused to move!
Mennas completely misses you.
Mennas hits you from afar with a +0 trishula of holy wrath!
You bump into the metal wall.
Mennas completely misses you.
Mennas hits you from afar with a +0 trishula of holy wrath.
Mennas gestures frantically.
You are more confused.
You bump into the metal wall.
Mennas hits you with a +0 trishula of holy wrath!
Mennas hits you with a +0 trishula of holy wrath.
Mennas hits you with a +0 trishula of holy wrath!
* * * LOW HITPOINT WARNING * * *
Mennas hits you but does no damage.
Your magical effects are unravelling.
You feel magically purged.
You feel yourself slow down.
You feel less confused.
You feel much better.
Mennas hits you with a +0 trishula of holy wrath.
Mennas hits you with a +0 trishula of holy wrath!
You block Mennas's attack. Mennas closely misses you.
You cannot read scrolls in your current state!
Mennas closely misses you. You block Mennas's attack. Mennas gestures at you.
Mennas hits you but does no damage. Mennas misses you.
Mennas hits you from afar with a +0 trishula of holy wrath!!
* * * LOW HITPOINT WARNING * * *
You block Mennas's attack.
Mennas gestures frantically.
You are confused.
You bump into the metal wall.
You are ready to hop once more.
Mennas hits you from afar with a +0 trishula of holy wrath!!
* * * LOW HITPOINT WARNING * * *
Mennas hits you from afar with a +0 trishula of holy wrath!
* * * LOW HITPOINT WARNING * * *
Mennas hits you from afar with a +0 trishula of holy wrath!
You die...

####...#####..#.#...#
##..#..## ##'#'#...#
#..###..# #.'.##'##
#)####'#####'##.'.#
#†........'...#'####
#.........'...#.'..#
#.........'...###..#
#.........########'##
#.........'@........#
#.........#...###...#
#.......(.#A.#.###..#
#.........#.#.).#####
#.<.......#.##...##
+.........#.###..[##
#.........#..###...#
###########.>.###(.#
#...# ####


You could see Mennas.

Vanquished Creatures
  the Royal Jelly (Slime:5)
  Vashnia (Snake:2)
  Jorgrun (Swamp:2)
  Rupert (D:12)
  23 acid blobs
  Kirke (Snake:2)
  14 azure jellies
  14 rockslimes
  3 fenstrider witches
  13 nagarajas
  A fire giant (Vaults:2)
  An orc warlord (Orc:2)
  7 vault wardens
  13 quicksilver oozes
  10 ironbound preservers
  4 very ugly things
  3 dire elephants
  8 bunyips
  2 crystal guardians (Vaults:1)
  5 eleionomae
  An ettin (Orc:2)
  3 shambling mangroves (Swamp:4)
  6 yaktaur captains
  7 great orbs of eyes
  29 hydras
  6 ironbound thunderhulks
  15 naga warriors
  A ghost crab (Swamp:4)
  3 peacekeepers
  4 salamander tyrants
  3 boulder beetles
  4 ironbound frosthearts (Vaults:1)
  2 ogre magi
  19 centaur warriors
  3 catoblepae
  10 two-headed ogres
  A death knight (D:11)
  2 tengu warriors (D:15)
  13 anacondas
  A deep troll shaman (Lair:6)
  17 alligators
  A vampire mage (Vaults:2)
  Urug (Lair:3)
  17 death yaks
  4 orc high priests (Orc:2)
  4 ironbound beastmasters
  22 naga sharpshooters
  A spriggan berserker (Swamp:4)
  8 shock serpents
  A skeletal warrior (D:13)
  4 salamander mystics
  The ghost of SeagullWaffle the Thaumaturge, a novice DECj (D:7)
  5 goliath frogs
  4 spriggan druids
  14 swamp dragons
  7 bog bodies
  A glowing orange brain (Slime:5)
  23 deep trolls
  5 lindwurms
  2 wizards
  6 naga ritualists
  3 ironbound convokers (Vaults:1)
  4 harpies (Vaults:1)
  A deep elf zephyrmancer (Orc:1)
  3 orc knights (Orc:2)
  3 deep elf pyromancers
  4 ugly things
  8 mana vipers
  2 phantasmal warriors
  6 orc sorcerers (Orc:2)
  4 shining eyes
  6 oklob plants
  8 cyclopes
  4 manticores
  2 necromancers
  2 wolf spiders (D:15)
  4 will-o-the-wisps
  17 salamanders
  13 elephants
  10 guardian serpents
  23 naga magi
  45 black mambas
  Maurice (D:12)
  A black mamba (shapeshifter) (D:13)
  8 vault sentinels
  A torpor snail (Lair:4)
  2 gargoyles (D:13)
  An eye of devastation (Slime:1)
  22 cane toads
  A komodo dragon (shapeshifter) (D:13)
  2 rime drakes
  9 komodo dragons
  22 yaktaurs
  3 freezing wraiths
  8 trolls
  A meliai (D:8)
  4 bloated husks
  3 tyrant leeches
  6 polar bears
  Prince Ribbit (D:5)
  11 hornets
  29 blink frogs
  103 slime creatures
  4 dream sheep (Lair:6)
  7 spriggans
  A wraith (D:13)
  A redback (shapeshifter) (D:13)
  2 shadows
  2 wyverns
  5 vampires
  8 basilisks
  A golden eye (shapeshifter) (D:13)
  A basilisk (shapeshifter) (D:14)
  66 yaks
  3 hogs (Snake:2)
  14 golden eyes
  A vampire mosquito (D:13)
  3 steam dragons
  18 swamp worms
  49 nagas
  3 wargs (Orc:2)
  32 water moccasins
  3 acid dragons
  A hornet zombie (D:8)
  2 sky beasts
  4 black bears
  43 orc warriors
  13 swamp drakes
  6 necrophages
  11 wolves
  9 ogres
  21 centaurs
  An elf zombie (Ossuary)
  Blork the orc (D:5)
  13 kobold brigands
  15 bullfrogs
  A gnoll sergeant (D:7)
  3 troll zombies (Swamp:4)
  An electric eel (Snake:2)
  A troll skeleton (Swamp:4)
  12 wights
  7 howler monkeys
  A crimson imp (Orc:1)
  3 human zombies (Ossuary)
  6 centaur zombies
  5 hounds
  A gnoll shaman (D:8)
  19 orc priests
  A bullfrog skeleton (D:7)
  An iron imp (Orc:1)
  5 iguanas
  28 orc wizards
  A hound skeleton (D:5)
  2 mummies (Ossuary)
  A howler monkey zombie (D:9)
  11 gnolls
  5 adders
  A shadow imp (Orc:1)
  A white imp (Orc:1)
  An ufetubus (D:5)
  A worm (D:2)
  4 dart slugs
  100 orcs
  7 ball pythons
  4 endoplasms
  2 giant cockroaches (D:3)
  6 goblins
  3 hobgoblins
  6 jackals
  6 kobolds
  4 quokkas
  5 bats
  4 frilled lizards
  4 goblin zombies (Ossuary)
  9 hobgoblin zombies (Ossuary)
  A jackal zombie (Ossuary)
  9 kobold zombies (Ossuary)
  9 orc zombies (Ossuary)
  8 rats
  A rat zombie (Ossuary)
  3 bushes (Lair:6)
1496 creatures vanquished.

Vanquished Creatures (others)
  2 bloated husks (Swamp:4)
  A tyrant leech (Swamp:1)
  An orc wizard (Orc:2)
  An orc (Orc:1)
  2 foxfires (Swamp:4)
  82 fungi
  118 plants
207 creatures vanquished.

Grand Total: 1703 creatures vanquished

Notes
Turn   | Place    | Note
-------+----------+-------------------------------------------
     0 | D:1      | Gwenloh the Barachi Ice Elementalist began the quest for
                  | the Orb.
     0 | D:1      | Reached XP level 1. HP: 13/13 MP: 3/3
   158 | D:1      | Reached skill level 5 in Ice Magic
   250 | D:1      | Reached XP level 2. HP: 19/19 MP: 3/5
  1013 | D:2      | Found a faded altar of an unknown god.
  1088 | D:2      | Reached XP level 3. HP: 24/24 MP: 4/7
  1120 | D:2      | Learned a level 3 spell: Frozen Ramparts
  1124 | D:2      | Learned a level 3 spell: Ozocubu's Armour
  1541 | D:3      | Found an ancient bone altar of Kikubaaqudgha.
  1664 | D:3      | Reached skill level 6 in Ice Magic
  1664 | D:3      | Reached XP level 4. HP: 28/30 MP: 8/8
  1673 | D:3      | Reached skill level 1 in Shields
  1710 | D:3      | Reached XP level 5. HP: 28/35 MP: 5/9
  2724 | D:4      | Reached skill level 7 in Ice Magic
  2850 | D:4      | Reached XP level 6. HP: 41/41 MP: 9/11
  2878 | D:4      | Learned a level 4 spell: Hailstorm
  2898 | D:4      | Found a snail-covered altar of Cheibriados.
  3261 | D:4      | Found a blossoming altar of Fedhas.
  3908 | D:5      | Entered Level 5 of the Dungeon
  4045 | D:5      | Reached skill level 1 in Conjurations
  4147 | D:5      | Noticed a sky beast
  4153 | D:5      | Killed a sky beast
  4154 | D:5      | Reached XP level 7. HP: 46/46 MP: 10/13
  4163 | D:5      | Reached skill level 8 in Ice Magic
  4299 | D:5      | Noticed a yak
  4308 | D:5      | Killed a yak
  4311 | D:5      | Noticed a yak
  4312 | D:5      | Noticed a yak
  4312 | D:5      | Noticed a yak
  4326 | D:5      | Noticed a yak
  4334 | D:5      | Killed a yak
  4335 | D:5      | Reached XP level 8. HP: 34/52 MP: 5/15
  4336 | D:5      | Killed a yak
  4337 | D:5      | Reached skill level 9 in Ice Magic
  4339 | D:5      | Killed a yak
  4340 | D:5      | Reached skill level 5 in Spellcasting
  4341 | D:5      | Killed a yak
  4528 | D:5      | Found an opulent altar of Gozag.
  4589 | D:5      | Noticed Blork the orc
  4600 | D:5      | Killed Blork the orc
  4686 | D:5      | Found an ornate altar of the Wu Jian Council.
  4706 | D:5      | Noticed Prince Ribbit
  4711 | D:5      | Killed Prince Ribbit
  4712 | D:5      | Reached skill level 10 in Ice Magic
  4829 | D:5      | Reached XP level 9. HP: 49/57 MP: 14/17
  5229 | D:5      | Found a staircase to the Ecumenical Temple.
  5240 | Temple   | Entered the Ecumenical Temple
  5483 | Temple   | Became a worshipper of Vehumet
  5910 | D:6      | Reached skill level 5 in Conjurations
  6114 | D:6      | Reached skill level 1 in Armour
  6114 | D:6      | Reached skill level 11 in Ice Magic
  6194 | D:6      | Reached skill level 1 in Fighting
  6228 | D:6      | Found a sand-covered staircase.
  6233 | Ossuary  | Entered an ossuary
  6372 | Ossuary  | Reached * piety under Vehumet
  6372 | Ossuary  | Offered knowledge of Shock by Vehumet.
  6676 | Ossuary  | Identified a scroll of acquirement
  6677 | Ossuary  | Acquired Wuith's Compendium of Shifting Snow
  6860 | D:6      | Found a hazy altar of Hepliaklqana.
  6997 | D:6      | Found a broken altar of Ashenzari.
  7006 | D:6      | Found a bloodstained altar of Trog.
  7043 | D:6      | Offered knowledge of Static Discharge by Vehumet.
  7347 | D:7      | Reached ** piety under Vehumet
  8007 | D:7      | Found a runed translucent gate.
  8007 | D:7      | Found a runed translucent gate.
  8007 | D:7      | Found a runed translucent gate.
  8008 | D:7      | Noticed SeagullWaffle's ghost (novice DECj)
  8044 | D:7      | Reached XP level 10. HP: 70/70 MP: 12/20
  8371 | D:7      | Reached skill level 12 in Ice Magic
  8389 | D:7      | Killed SeagullWaffle's ghost
  9262 | D:8      | Reached skill level 5 in Fighting
  9262 | D:8      | Reached skill level 5 in Armour
  9271 | D:8      | Noticed an eight-headed hydra
  9272 | D:8      | Noticed a centaur warrior
  9277 | D:8      | Killed an eight-headed hydra
  9278 | D:8      | Reached skill level 13 in Ice Magic
  9278 | D:8      | Killed a centaur warrior
  9282 | D:8      | Reached XP level 11. HP: 42/81 MP: 8/23
  9303 | D:8      | Noticed a cyclops
  9306 | D:8      | Killed a cyclops
  9455 | D:8      | Offered knowledge of Stone Arrow by Vehumet.
  9466 | D:8      | Noticed a death knight
  9655 | D:8      | Identified the +7 dagger "Todok" {vorpal, rN+ Str+5}
  9872 | D:8      | Reached *** piety under Vehumet
 10607 | D:8      | Learned a level 5 spell: Freezing Cloud
 11014 | D:9      | Noticed a +0 dagger
 11014 | D:9      | Noticed a +0 falchion
 11014 | D:9      | Noticed a +0 short sword
 11014 | D:9      | Noticed a +0 spear
 11014 | D:9      | Noticed a +0 short sword
 11014 | D:9      | Noticed a +0 falchion
 11014 | D:9      | Noticed a +0 spear
 11015 | D:9      | Noticed a +0 dagger
 11023 | D:9      | Identified the +0 ring mail "Ylofuguo" {Harm Drain rN++
                  | Will+}
 11028 | D:9      | Found a hide-covered altar of Uskayaw.
 11038 | D:9      | Found a shimmering blue altar of Sif Muna.
 11135 | D:9      | Offered knowledge of Conjure Flame by Vehumet.
 11136 | D:9      | Reached skill level 14 in Ice Magic
 11260 | D:9      | Found a runed translucent gate.
 11260 | D:9      | Found a runed translucent gate.
 11261 | D:9      | Found a runed translucent gate.
 11262 | D:9      | Noticed MajorAdolf's ghost (novice NaWn)
 11347 | D:9      | Reached skill level 1 in Air Magic
 11429 | D:9      | Found a huge runed translucent gate.
 11429 | D:9      | Found a huge runed translucent gate.
 11429 | D:9      | Found a huge runed translucent gate.
 11429 | D:9      | Found a huge runed translucent gate.
 11429 | D:9      | Noticed a manticore
 11917 | D:9      | Found a staircase to the Lair.
 12052 | Lair:1   | Entered Level 1 of the Lair of Beasts
 12307 | Lair:1   | Identified the +6 scale mail of the Dancing Prophets {rElec
                  | rN+}
 12679 | Lair:1   | Reached **** piety under Vehumet
 12940 | Lair:1   | Identified the +8 trident of the Purse {vorpal, rF- rN++
                  | rCorr Dex+4}
 13173 | Lair:2   | Offered knowledge of Airstrike by Vehumet.
 13178 | Lair:2   | Reached XP level 12. HP: 88/92 MP: 9/25
 13304 | Lair:2   | Reached skill level 15 in Ice Magic
 14248 | Lair:2   | Noticed a six-headed hydra
 14252 | Lair:2   | Killed a six-headed hydra
 14341 | Lair:2   | Noticed a six-headed hydra
 14348 | Lair:2   | Killed a six-headed hydra
 14349 | Lair:2   | Reached skill level 5 in Air Magic
 14371 | Lair:2   | Noticed a catoblepas
 14376 | Lair:2   | Killed a catoblepas
 14652 | Lair:3   | Reached skill level 10 in Spellcasting
 14658 | Lair:3   | Reached skill level 16 in Ice Magic
 14981 | Lair:3   | Noticed an eight-headed hydra
 14987 | Lair:3   | Killed an eight-headed hydra
 15155 | Lair:3   | Gained mutation: You can hop long distances. [Barachi
                  | growth]
 15155 | Lair:3   | Reached XP level 13. HP: 102/102 MP: 9/27
 15383 | Lair:3   | Noticed Urug
 15390 | Lair:3   | Killed Urug
 15391 | Lair:3   | Reached skill level 10 in Fighting
 15581 | Lair:3   | Learned a level 4 spell: Airstrike
 16100 | Lair:3   | Reached ***** piety under Vehumet
 16352 | Lair:4   | Reached skill level 17 in Ice Magic
 16479 | Lair:4   | Offered knowledge of Irradiate by Vehumet.
 16891 | Lair:4   | Found a staircase to the Snake Pit.
 17449 | Lair:4   | Found a staircase to the Swamp.
 17718 | Lair:4   | Learned a level 5 spell: Irradiate
 18101 | Lair:5   | Reached XP level 14. HP: 93/113 MP: 20/29
 18145 | Lair:5   | You fall into a shaft and drop 1 floor!
 18145 | Lair:6   | Entered Level 6 of the Lair of Beasts
 18153 | Lair:6   | Reached skill level 18 in Ice Magic
 19209 | Lair:5   | Found a staircase to the Slime Pits.
 19593 | Lair:6   | Offered knowledge of Ozocubu's Refrigeration by Vehumet.
 19629 | Lair:6   | Learned a level 7 spell: Ozocubu's Refrigeration
 19652 | Lair:6   | Identified the +6 falchion of Hubris {protect, rPois Will+
                  | Str+3}
 19841 | Lair:6   | Reached skill level 19 in Ice Magic
 20590 | Lair:6   | Noticed a dire elephant
 20618 | Lair:6   | Killed a dire elephant
 20619 | Lair:6   | Reached XP level 15. HP: 116/122 MP: 8/31
 20825 | Lair:6   | Got the Reference Book on Dislocation
 21887 | D:9      | Acquired the +0 pair of gloves of Mull {Drain Str+4 Int+5
                  | Slay+2}
 21894 | D:9      | Acquired 1219 gold pieces
 21896 | D:9      | Acquired the ring of Devotion {rPois rF+ Str+4}
 21962 | D:10     | Entered Level 10 of the Dungeon
 22316 | D:10     | Found a sparkling altar of Nemelex Xobeh.
 22488 | D:10     | Found a glowing silver altar of Zin.
 22680 | D:10     | Found an iron altar of Okawaru.
 22687 | D:10     | Reached skill level 20 in Ice Magic
 23351 | D:11     | Noticed Vugaxizu's ghost (journeyman GnAM)
 23351 | D:11     | Found a runed translucent door.
 23351 | D:11     | Found a shimmering altar of Xom.
 24809 | D:12     | Noticed Rupert
 24814 | D:12     | Killed Rupert
 25028 | D:12     | Found a staircase to the Orcish Mines.
 25293 | D:12     | Noticed Maurice
 25298 | D:12     | Killed Maurice
 25364 | D:12     | Acquired 1129 gold pieces
 25653 | D:13     | Found a flickering gateway to a bazaar.
 25806 | D:13     | Found a large runed translucent door.
 25808 | D:13     | Found a large runed translucent door.
 25810 | D:13     | Noticed a storm dragon
 25811 | D:13     | Found a large runed translucent door.
 25811 | D:13     | Noticed a frost giant
 25812 | D:13     | Found a large runed translucent door.
 26132 | D:13     | Found a large runed translucent door.
 26133 | D:13     | Found a large runed translucent door.
 26229 | D:13     | Offered knowledge of Fireball by Vehumet.
 26373 | Bazaar   | Entered a bazaar
 26373 | Bazaar   | Found Idatsogg's Distillery.
 26373 | Bazaar   | Found Hogiesch's Distillery.
 26373 | Bazaar   | Found Fitara's General Store.
 26374 | Bazaar   | Found Fupnoel's Assorted Antiques.
 26374 | Bazaar   | Found Hoaq's Armour Boutique.
 26398 | Bazaar   | Bought a potion of heal wounds for 80 gold pieces
 26424 | Bazaar   | Bought 2 potions of haste for 340 gold pieces
 26424 | Bazaar   | Bought 2 potions of heal wounds for 170 gold pieces
 26424 | Bazaar   | Bought a potion of magic for 136 gold pieces
 26432 | Bazaar   | Bought a scroll labelled WOUNTO GYSHUU for 40 gold pieces
 26432 | Bazaar   | Bought a scroll labelled KAR HUYGO ILE for 40 gold pieces
 26435 | Bazaar   | Bought a potion of invisibility for 88 gold pieces
 26603 | D:13     | Found a large runed translucent door.
 26608 | D:13     | Found a large runed translucent door.
 26632 | D:13     | Learned a level 9 spell: Polar Vortex
 26689 | D:13     | Reached XP level 16. HP: 129/133 MP: 27/33
 26723 | D:13     | Reached skill level 21 in Ice Magic
 26778 | D:13     | Found a gate to the Vaults.
 26863 | D:13     | Identified the +4 leather armour "Cabbi" {rC+}
 27780 | D:14     | Found a radiant altar of Vehumet.
 27981 | D:15     | Entered Level 15 of the Dungeon
 28307 | D:15     | Identified the +3 halberd "Hycoskif" {elec, +Rage MP+9
                  | Stlth-}
 28571 | D:15     | Found a staircase to the Depths.
 29292 | Orc:1    | Entered Level 1 of the Orcish Mines
 29815 | Orc:1    | Found a transporter.
 29869 | Orc:1    | Offered knowledge of Starburst by Vehumet.
 29956 | Orc:1    | Found a transporter.
 30200 | Orc:2    | Entered Level 2 of the Orcish Mines
 30200 | Orc:2    | Found a staircase to the Elven Halls.
 30883 | Orc:2    | Reached ****** piety under Vehumet
 31313 | Orc:2    | Reached skill level 15 in Fighting
 31433 | Orc:2    | Offered knowledge of Spellforged Servitor by Vehumet.
 31436 | Orc:2    | Reached skill level 22 in Ice Magic
 31535 | Orc:2    | Found Acwuep's Antique Armour Emporium.
 31535 | Orc:2    | Found Sessuw's Antique Weapon Shoppe.
 31537 | Orc:2    | Found Nyhatz's General Store.
 31537 | Orc:2    | Found Soid Kea's Book Emporium.
 31542 | Orc:2    | Bought a scroll of identify for 32 gold pieces
 31556 | Orc:2    | Bought a shiny troll leather armour for 378 gold pieces
 31972 | Swamp:1  | Entered Level 1 of the Swamp
 32433 | Swamp:1  | Identified the +8 hand crossbow of Popular Demand {speed,
                  | rF+}
 32497 | Swamp:1  | Reached XP level 17. HP: 132/142 MP: 17/35
 33149 | Swamp:2  | Paralysed by a fenstrider witch for 6 turns
 33352 | Swamp:2  | Noticed Jorgrun
 33372 | Swamp:2  | Killed Jorgrun
 34216 | Swamp:3  | Reached skill level 23 in Ice Magic
 34555 | Swamp:4  | Entered Level 4 of the Swamp
 34709 | Swamp:4  | Offered knowledge of Iskenderun's Battlesphere by Vehumet.
 35115 | Swamp:4  | Reached skill level 15 in Spellcasting
 35769 | Swamp:4  | Reached XP level 18. HP: 145/152 MP: 37/37
 36707 | Swamp:4  | Got a decaying rune of Zot
 36851 | Snake:1  | Entered Level 1 of the Snake Pit
 36985 | Snake:1  | Offered knowledge of Maxwell's Capacitive Coupling by
                  | Vehumet.
 37842 | Snake:1  | Reached skill level 24 in Ice Magic
 38103 | Snake:1  | Learned a level 8 spell: Maxwell's Capacitive Coupling
 38104 | Snake:2  | Noticed Vashnia
 38204 | Snake:2  | Acquired 640 gold pieces
 38314 | Snake:2  | Found Misuf's Antique Weapon Emporium.
 38517 | Snake:2  | Identified the +2 pair of gloves "Uplyroecs" {rElec rC++
                  | Str+3 SInv}
 38648 | Snake:2  | Killed Vashnia
 38767 | Snake:2  | Identified Roxanne's Reference Book on Transformation
 38767 | Snake:2  | Noticed Roxanne
 38808 | Snake:2  | Found a glowing golden altar of the Shining One.
 39095 | Snake:2  | Noticed Kirke
 39389 | Snake:2  | Killed Kirke
 39476 | Snake:2  | Found Jouzy Wubrug's Distillery.
 39476 | Snake:2  | Found Wiuz's Armour Boutique.
 39476 | Snake:2  | Found Rama Teubo's Antique Armour Emporium.
 40674 | Snake:3  | Reached XP level 19. HP: 148/148 MP: 38/38
 40725 | Snake:3  | Learned a level 5 spell: Lightning Bolt
 41183 | Snake:3  | Offered knowledge of Shatter by Vehumet.
 41183 | Snake:3  | Offered knowledge of Chain Lightning by Vehumet.
 41183 | Snake:3  | Offered knowledge of Ignition by Vehumet.
 41436 | Snake:3  | Found Qeneizy's Antique Weapon Boutique.
 42059 | Snake:4  | Entered Level 4 of the Snake Pit
 42238 | Snake:4  | Reached skill level 10 in Air Magic
 43278 | Snake:4  | Found Guiqus's General Store.
 43354 | Snake:4  | Identified the +5 trident "Bearphas" {vorpal, Str+3 Dex+6}
 44692 | Snake:4  | Reached XP level 20. HP: 124/170 MP: 25/40
 45234 | Snake:4  | Got a serpentine rune of Zot
 45428 | Slime:1  | Entered Level 1 of the Pits of Slime
 45590 | Slime:2  | Gained mutation: You are frail. (-10% HP) [a shining eye]
 46701 | Slime:3  | Gained mutation: You sometimes lose the ability to read
                  | scrolls when taking damage. [a shining eye]
 46703 | Slime:3  | Reached skill level 25 in Ice Magic
 47533 | Slime:5  | Entered Level 5 of the Pits of Slime
 48313 | Slime:5  | Reached XP level 21. HP: 119/161 MP: 37/42
 48567 | Slime:5  | Noticed the Royal Jelly
 49038 | Slime:5  | Killed the Royal Jelly
 49176 | Slime:5  | Found the +10 morningstar "Eos" {elec, Halo rElec}
 49180 | Slime:5  | Got the Catalogue of Dusty Flight
 49188 | Slime:5  | Got Xurradit's Almanac of the Unstable Compass
 49190 | Slime:5  | Got a slimy rune of Zot
 49237 | Slime:5  | Identified the +7 long sword of Light {protect, rCorr}
 49247 | Slime:5  | Identified the +5 eveningstar of Corporal Punishment
                  | {protect, +Blink rF+++ rCorr Int-3}
 49313 | Slime:5  | Identified the +5 mace of Extermination {vorpal, rElec rC-
                  | Dex+9 Stlth+}
 49824 | Vaults:1 | Entered Level 1 of the Vaults
 50464 | Vaults:1 | Reached skill level 15 in Air Magic
 50626 | Vaults:1 | Found a portal to a secret trove of treasure.
 50799 | Vaults:1 | Identified the +0 robe "Emeroel" {rElec Str+2 SInv}
 51545 | Vaults:1 | Found Widekhly's Distillery.
 51548 | Vaults:1 | Bought 2 potions of magic for 224 gold pieces
 51548 | Vaults:1 | Bought a potion of haste for 140 gold pieces
 51548 | Vaults:1 | Bought a potion of heal wounds for 70 gold pieces
 52340 | Vaults:1 | Acquired 794 gold pieces
 54968 | Vaults:2 | Reached XP level 22. HP: 169/169 MP: 43/43
 55141 | Vaults:2 | Acquired 823 gold pieces
 56400 | Vaults:2 | Found a staircase to the Crypt.
 56777 | Vaults:2 | Found Xirann's Assorted Antiques.
 57369 | Vaults:3 | Noticed Mennas
 57419 | Vaults:3 | HP: 7/171 [Mennas (11)]
 57419 | Vaults:3 | Mangled by Mennas

Illustrated notes

Levels and vault maps discovered:
D:1:      dpeg_arrival_line_fractal, layout_rooms, minmay_three_crescents
D:2:      layout_basic, dreamdust_ecumenical_altar_angels_and_demons
D:3:      layout_rooms, mainiacjoe_overflow_paths, kennysheep_generic_room_3
D:4:      wad_lake_hut, layout_layer_cave, kennysheep_little_box,
          mainiacjoe_overflow_small_starburst
D:5:      layout_loops_corners, lemuel_crystal_altar, lemuel_tele_altar,
          minmay_temple_entry_nine_rooms, uniq_prince_ribbit1,
          uniq_blork_the_orc
D:6:      layout_basic, nzn_hepliaklqana_mist_gate, mainiacjoe_overflow_swirl,
          enter_ossuary_2
D:7:      layout_gridville, gammafunk_ghost_nasty_kobolds
D:8:      minmay_the_grid_plus [minmay_the_grid_stretched_grid,
          minmay_the_grid_odd_star, minmay_the_grid_minigrid_large,
          minmay_the_grid_tree, minmay_the_grid_prize_inner_circle],
          layout_basic, minmay_misc_feat_hallway
D:9:      lemuel_bear_cage, layout_loops_ring, nicolae_overflow_crystal_walls,
          nicolae_uskayaw_en_pointe, grunt_lair_entry_orc_guard_hut,
          gammafunk_ghost_necromancy
D:10:     layout_small_grid, mainiacjoe_overflow_catwalk, zin_treasury,
          lemuel_round_altar, minivault_16
D:11:     layout_gridville, ebering_ghost_xom
D:12:     layout_loops_corners, orc_0_dummy, hellmonk_bongcloud_opening,
          uniq_maurice, uniq_rupert
D:13:     minmay_five_octagons, layout_rooms, david_vaults_1, serial_shops,
          bzr_in_the_mist, skrybe_limestone_x
D:14:     layout_long_grid, drop_trap, fiery_altar_vehumet
D:15:     hangedman_depths_entry_try_elsewhere_first, layout_cave_pods
Temple:   compressed_dpeg_triangle_lava_temple
Lair:1:   layout_regular_city, grunt_megastairs_2
Lair:2:   nzn_winding_woodlands_cross [nzn_winding_woodlands_5x15_sawtooth,
          nzn_winding_woodlands_5x15_cabin, nzn_winding_woodlands_5x15_zeroes,
          nzn_winding_woodlands_5x15_garden,
          nzn_winding_woodlands_15x15_boxy_spiral], layout_misc_corridors
Lair:3:   minmay_lair_oklob_tunnel, layout_loops_ring, uniq_urug
Lair:4:   layout_regular_city, palyth_hydra_swamp_entry,
          minmay_snake_entry_six_corridors, st_stairs_3, minivault_25,
          minmay_holes, roderic_carrion_pond, grunt_megastairs_1
Lair:5:   layout_hall_layers, minmay_slime_entry_oklob_enclosed,
          beast_lair_carwin_3, serial_bayou_shore_a
Lair:6:   grunt_lair_end_beastmaster, layout_misc_corridors, serial_rivers,
          chequers_serial_rivers_room_b, chequers_serial_rivers_micro_a,
          chequers_serial_rivers_small_3, chequers_serial_rivers_large_b,
          chequers_serial_rivers_marsh, chequers_serial_rivers_micro_d
Swamp:1:  layout_basic_swamp, evilmike_swamp_ruin_house_4
Swamp:2:  layout_basic_swamp, nicolae_swamp_little_swirl, swamp_pool4,
          uniq_jorgrun
Swamp:3:  layout_falls_marsh, nicolae_swamp_orc_logging_accident,
          infiniplex_staircase_pool
Swamp:4:  swamp_basic_johnstein, layout_basic_swamp, swamp_pool2,
          cheibrodos_swamp_minitomb
Snake:1:  layout_basic, grunt_megastairs_5
Snake:2:  nicolae_snakescales, layout_chambers, basic_altar,
          nicolae_wooded_promenade, uniq_vashnia, uniq_roxanne, uniq_kirke
Snake:3:  layout_cave_shapes, serial_shops, nicolae_shop_behind_doors,
          abandoned_shop, nicolae_snake_single_loop
Snake:4:  grunt_snake_rune_spirals, layout_onion_interference, serial_shops,
          nicolae_shop_behind_doors, nicolae_snake_snakewalk, lemuel_fruit_tree
Slime:1:  cheibrodos_slime_lost_civilization_2, layout_caves
Slime:2:  layout_caves
Slime:3:  layout_caves, cheibrodos_slime_lost_civilization_6
Slime:4:  layout_caves, nicolae_slime_phagocytosis
Slime:5
Orc:1:    gammafunk_beogh_shrine, layout_caves, hangedman_minor_magic
Orc:2:    st_orc_congregation, layout_caves, basic_altar, kennysheep_orc_chapel
Vaults:1: nicolae_vaults_inception_network, vaults_standard_mumra_lines,
          hangedman_vaults_cutoff, ontoclasm_vaults_bender,
          hangedman_vaults_trim, nicolae_vaults_little_squares_3,
          nicolae_vaults_network_barrier, hangedman_vaults_trim,
          dpeg_vaults_monster_box, layout_vaults_chaotic_city, serial_shops,
          nicolae_shop_window_shopping, enter_trove_2
Vaults:2: vaults_dpeg_doors, nicolae_vaults_circle_grid_a,
          nicolae_vaults_stairing_the_circle, vaults_dpeg_spiral,
          minmay_crypt_entry_vampire_xt, vaults_room_grid, v_misc_12, st_lines,
          vaults_mumra_lcd, ontoclasm_vaults_loading_screen,
          vaults_dpeg_encased_lava, layout_vaults_omnigrid, serial_shops,
          nicolae_shop_overgrown_old_shop
Vaults:3: vaults_room_grid, v_misc_9, nicolae_vaults_murderbox, v_misc_12,
          nicolae_vaults_network_quinsquares
          [nicolae_vaults_network_quincunx_subvault,
          nicolae_vaults_network_quincunx_subvault,
          nicolae_vaults_network_quincunx_subvault,
          nicolae_vaults_network_quincunx_subvault],
          nicolae_vaults_twisting_passages, grunt_vaults_bifocal,
          hangedman_vaults_trim, nicolae_vaults_three_branches,
          ontoclasm_vaults_ring_square, nicolae_vaults_asterisk,
          nicolae_vaults_little_squares_6, vaults_dpeg_diagonal,
          layout_vaults_omnibox, uniq_mennas

Skill      XL: |  1  2  3  4  5  6  7  8  9 10 11 12 13 14 15 16 17 18 19 20 21 22 |
---------------+-------------------------------------------------------------------+-----
Ice Magic      | 5 6 7 8 10 11 13 14 16 17 19 20 22 23 24 25 | 25.8
Shields        | 1 2 3 4 |  4.0
Spellcasting   | 3 4 5 6 8 9 10 11 12 13 14 15 16 17 18 | 18.0
Conjurations   | 1 2 4 5 6 7 |  7.6
Armour         | 3 5 6 |  6.7
Fighting       | 3 5 7 9 11 12 14 15 16 17 18 19 | 19.9
Air Magic      | 3 5 7 9 12 14 16 | 16.8
Dodging        | |  2.1
Stealth        | |  1.7

Action                   |  1- 3 |  4- 6 |  7- 9 | 10-12 | 13-15 | 16-18 | 19-21 | 22-24 || total
-------------------------+-------+-------+-------+-------+-------+-------+-------+-------++-------
Melee: Mace              |     2 |     4 |     6 |       |       |       |       |       ||    12
       Trident           |       |       |   122 |   192 |   189 |   158 |   165 |    35 ||   861
       Unarmed           |       |       |       |       |       |    15 |       |       ||    15
 Fire: Hunting sling     |    23 |   128 |   176 |   140 |    23 |       |       |       ||   490
Throw: Boomerang         |       |       |       |     6 |     1 |       |       |       ||     7
       Throwing net      |       |       |       |       |       |       |     3 |       ||     3
 Cast: Freeze            |    36 |    23 |    54 |    55 |       |       |       |       ||   168
       Frozen Ramparts   |     1 |     9 |    27 |    27 |    32 |     1 |       |       ||    97
       Ozocubu's Armour  |       |     2 |    19 |    43 |    25 |    18 |    20 |     5 ||   132
       Hailstorm         |       |       |     5 |    23 |    28 |     9 |       |       ||    65
       Freezing Cloud    |       |       |       |    47 |    62 |    27 |    99 |     9 ||   244
       Airstrike         |       |       |       |       |   387 |   407 |   349 |    48 ||  1191
       Irradiate         |       |       |       |       |    25 |    36 |    53 |     7 ||   121
       Ozocubu's Refrige |       |       |       |       |    70 |   239 |   188 |    32 ||   529
       Polar Vortex      |       |       |       |       |     1 |     9 |     4 |       ||    14
       Lightning Bolt    |       |       |       |       |       |       |    89 |       ||    89
       Maxwell's Capacit |       |       |       |       |       |       |     9 |     4 ||    13
 Abil: Hop               |     1 |       |     3 |     3 |    14 |     8 |    12 |     1 ||    42
Evoke: Wand              |       |       |       |     4 |     1 |     6 |     1 |     5 ||    17
  Use: Scroll            |       |       |    14 |     8 |    15 |    11 |     4 |     2 ||    54
       Potion            |       |       |       |       |       |     3 |     4 |     4 ||    11
 Stab: Sleeping          |       |       |     3 |       |       |       |     1 |       ||     4
       Distracted        |       |       |       |     2 |       |     2 |       |       ||     4
Armor: Robe              |     7 |     2 |    70 |    50 |       |       |       |       ||   129
       Troll leather arm |       |       |       |    75 |    94 |   117 |   180 |    30 ||   496
Dodge: Dodged            |    15 |    31 |   113 |   207 |   191 |   104 |   157 |    28 ||   846
Block: Buckler           |       |       |    37 |    87 |    81 |   113 |   170 |    30 ||   518
       Reflection        |       |       |       |       |       |       |    25 |     3 ||    28
